 Dungeon Crawl Stone Soup version 0.29.0-4-gdea44cf6ec (webtiles) character file.

Game seed: 8741652460972376267

7736 qw the Grappler (level 11, -6/105 HPs)
             Began as a Troll Cinder Acolyte on Aug 31, 2022.
             Was an Elder of Ignis.
             Killed by nerve-wracking pain
             ... invoked by an orc priest
              (14 damage)
             ... on level 8 of the Dungeon.
             The game lasted 00:04:03 (7264 turns).

qw the Grappler (Troll Cinder Acolyte)              Turns: 7264, Time: 00:04:03

Health: -6/105     AC: 11    Str: 28    XL:     11   Next: 0%
Magic:  11/11      EV:  9    Int: 10    God:    Ignis [****..]
Gold:   39         SH:  0    Dex:  5    Spells: 12/12 levels left

rFire   + . .      SeeInvis .     - Unarmed
rCold   . . .      Faith    .   (no shield)
rNeg    . . .      Spirit   .   a - +0 robe
rPois   .          Reflect  .   (helmet restricted)
rElec   .          Harm     .   (no cloak)
rCorr   +          Rampage  .   (gloves unavailable)
Will    .....                   (boots unavailable)
Stlth   +.........              (no amulet)
HPRegen 1.07/turn               p - ring of resist corrosion
MPRegen 0.12/turn               (no ring)

@: lethally poisoned (-6 -> -8), fiery-armoured
A: large, unfitting armour, claws 3, regeneration 1, shaggy fur 1, tough skin 1
a: Renounce Religion, Fiery Armour, Foxfire Swarm, Rising Flame


You were on level 8 of the Dungeon.
You worshipped Ignis.
Ignis was greatly pleased with you.
You visited 1 branch of the dungeon, and saw 8 of its levels.

You collected 338 gold pieces.
You spent 299 gold pieces at shops.


Innate Abilities, Weirdness & Mutations

You are too large for most types of armour.
You have claws for hands.
Your natural rate of healing is unusually fast.
You are covered in fur. (AC +1)
You have tough skin. (AC +1)


   Skills:
 + Level 5.9 Fighting
 - Level 6.1 Throwing
 - Level 1.1 Dodging
 - Level 14.2 Unarmed Combat
 - Level 1.0 Spellcasting
 - Level 2.1 Fire Magic


You had 12 spell levels left.
You didn't know any spells.
Your spell library contained the following spells:

 Spells                   Type           Power      Damage    Failure   Level
 Scorch                   Fire           8%         2d5       22%         2

Inventory:

Missiles
 n - a large rock (quivered)
 o - 4 boomerangs
Armour
 a - a +0 robe (worn)
 k - a +1 robe of cold resistance
 s - a +0 cloak
 u - a +2 hat of intelligence
Jewellery
 p - a ring of resist corrosion (left claw)
 t - a ring of see invisible
Scrolls
 e - a scroll of enchant armour
 f - 2 scrolls of enchant weapon
 g - 3 scrolls of identify
 r - a scroll of brand weapon {unknown}
Potions
 b - 2 potions of haste
 c - a potion of lignification {unknown}
 d - 4 potions of curing
 h - 2 potions of might
 i - 2 potions of mutation
 j - a potion of magic {unknown}
 l - a potion of ambrosia {unknown}
 m - a potion of attraction {unknown}
 q - a potion of invisibility {unknown}

Dungeon Overview and Level Annotations

Branches:
Dungeon (8/15)             Temple (0/1) D:4
   Lair: D:8-11

Altars:
Ashenzari
Hepliaklqana
Qazlal
Sif Muna
Vehumet
Yredelemnul
Zin

Shops:
D:1 =   D:8 *

Annotations:
D:5 3 runed translucent doors, qw's ghost, amateur TrCA
D:6 2 runed translucent doors


Message History

The orc priest attacks as you move away!
The orc priest hits you with a +0 club.
The orc priest is burned by your cloak of flames.
The orc priest is severely wounded.
A rat comes into view.
The orc priest calls upon Beogh to heal the orc priest.
The orc priest is healed somewhat.
You see here a death yak corpse.
You claw the orc!
You kill the orc!
The orc priest mumbles some strange prayers to Beogh against you.
Beogh smites you!
You closely miss the water moccasin. Your claw misses the water moccasin.
The water moccasin bites you but does no damage.
The water moccasin is burned by your cloak of flames.
The water moccasin is lightly wounded.
The orc priest calls upon Beogh to heal the orc priest.
The orc priest is healed somewhat.
You closely miss the water moccasin.
The water moccasin is lightly wounded.
The water moccasin bites you.
You are poisoned.
The water moccasin poisons you!
The water moccasin is burned by your cloak of flames.
The water moccasin is moderately wounded.
You mangle the water moccasin!!
You kill the water moccasin!
You feel very sick.
The orc priest calls down the wrath of Beogh upon you.
Beogh smites you!
The orc priest mumbles some strange prayers to Beogh against you.
Pain shoots through your body!
You have reached level 11!
You feel very sick. The orc priest hits you with a +0 club.
The orc priest is burned by your cloak of flames.
The orc priest is heavily wounded.
The orc priest mumbles some strange prayers to Beogh against you.
Pain shoots through your body!
You die...

#.............##
#...........####
#...)..........#
#..........###..
#..........# ###
#..........#####
###......(........
#.%...............
#@###########.....
#oo# #...... r$r##
#....)) .....
#.####. ...(...
###.####) .......
#........ #......
#........ #######
#........
########....


You could see 2 orc priests, a quokka and a rat.

Vanquished Creatures
  Gastronok (D:8)
  3 death yaks (D:8)
  Pikel (D:4)
  Joseph (D:8)
  Psyche (D:8)
  Sigmund (D:4)
  2 steam dragons (D:8)
  2 water moccasins
  An orc warrior (D:6)
  3 ice beasts
  A black bear (D:5)
  A centaur (D:8)
  3 phantoms
  4 wolves (D:8)
  2 lemures (D:4)
  A kobold brigand (D:7)
  A gnoll sergeant (D:8)
  2 bullfrogs
  A necrophage (D:8)
  3 scorpions
  15 wights
  3 killer bees (D:7)
  2 hounds
  3 jellies
  An orc priest (D:8)
  2 gnoll boudas
  4 orc wizards
  A hell rat (D:8)
  Robin (D:4)
  8 adders
  13 gnolls
  A shadow imp (D:4)
  2 white imps
  An ufetubus (D:4)
  3 dart slugs
  22 orcs
  4 bats
  6 endoplasms
  A giant cockroach (D:1)
  11 hobgoblins
  3 jackals (D:1)
  8 quokkas
  5 ball pythons
  2 frilled lizards (D:2)
  15 goblins
  13 kobolds
  11 rats
  A spectral kobold (D:8)
197 creatures vanquished.

Vanquished Creatures (others)
  Grum (D:8)
  A gnoll (D:8)
2 creatures vanquished.

Grand Total: 199 creatures vanquished

Notes
Turn   | Place    | Note
-------+----------+-------------------------------------------
     0 | D:1      | qw the Troll Cinder Acolyte began the quest for the Orb.
     0 | D:1      | Reached XP level 1. HP: 22/22 MP: 1/1
     0 | D:1      | 0 ||| qw: Version: 0.1-a-97-g2dd2ca4
     0 | D:1      | 0 ||| qw: Game counter: 4657
     0 | D:1      | 0 ||| qw: Always use a shield: true
     0 | D:1      | 0 ||| qw: God list: Okawaru
     0 | D:1      | 0 ||| qw: Allow faded altars: false
     0 | D:1      | 0 ||| qw: Do Orc after D:15 true
     0 | D:1      | 0 ||| qw: Do second Lair branch before Depths: true
     0 | D:1      | 0 ||| qw: Lair rune preference: random
     0 | D:1      | 0 ||| qw: Plans: Normal
     0 | D:1      | 0 ||| PLANNING D:1-11
    17 | D:1      | 17 ||| Stepping ~*~*~tactically~*~*~ (hiding).
   222 | D:1      | Reached XP level 2. HP: 29/29 MP: 2/2
   236 | D:1      | Found Gogeac's Jewellery Shop.
   241 | D:1      | 241 ||| SHOPLISTING +6 ring of strength (468 gold, have 0).
   241 | D:1      | 241 ||| SHOPLISTING amulet of reflection (390 gold, have
                  | 0).
   241 | D:1      | 241 ||| SHOPLISTING amulet of regeneration (390 gold, have
                  | 0).
   241 | D:1      | 241 ||| SHOPLISTING amulet of the acrobat (390 gold, have
                  | 0).
   241 | D:1      | 241 ||| SHOPLISTING ring of ice (325 gold, have 0).
   241 | D:1      | 241 ||| SHOPLISTING ring of positive energy (260 gold, have
                  | 0).
   241 | D:1      | 241 ||| SHOPLISTING ring of protection from fire (325 gold,
                  | have 0).
   241 | D:1      | 241 ||| SHOPLISTING ring of see invisible (195 gold, have
                  | 0).
   241 | D:1      | 241 ||| SHOPLISTING ring of willpower (325 gold, have 0).
   523 | D:1      | Reached skill level 4 in Unarmed Combat
   590 | D:1      | 590 ||| Stepping ~*~*~tactically~*~*~ (outnumbered).
   637 | D:1      | Reached XP level 3. HP: 33/36 MP: 3/3
   703 | D:1      | Found a faded altar of an unknown god.
   858 | D:1      | 858 ||| READING scroll labelled DIOJES TOUV.
   959 | D:1      | 959 ||| READING 2 scrolls labelled QUYRRUJ MONECW.
   960 | D:1      | 960 ||| READING 3 scrolls labelled AMEIV LIRE.
   961 | D:1      | 961 ||| READING scroll labelled ELUADORRYSH.
   962 | D:1      | 962 ||| DRINKING 2 bubbling black potions.
   963 | D:1      | 963 ||| READING 2 scrolls of identify.
   963 | D:1      | 963 ||| IDENTIFYING sedimented brown potion
   964 | D:1      | 964 ||| DROPPING potion of flight.
  1058 | D:2      | You fall into a shaft and drop 2 floors!
  1127 | D:4      | Reached skill level 5 in Unarmed Combat
  1127 | D:4      | Reached XP level 4. HP: 44/44 MP: 4/4
  1133 | D:4      | Found a staircase to the Ecumenical Temple.
  1223 | D:4      | Noticed a lemure
  1225 | D:4      | Noticed Pikel
  1230 | D:4      | Noticed a lemure
  1231 | D:4      | Noticed a lemure
  1234 | D:4      | 1234 ||| Stepping ~*~*~tactically~*~*~ (stealth).
  1235 | D:4      | 1235 ||| Stepping ~*~*~tactically~*~*~ (stealth).
  1240 | D:4      | 1240 ||| INVOKING Fiery Armour.
  1241 | D:4      | Killed a lemure
  1248 | D:4      | Killed a lemure
  1258 | D:4      | Noticed a lemure
  1261 | D:4      | Killed Pikel
  1262 | D:4      | Reached skill level 8 in Unarmed Combat
  1262 | D:4      | Reached XP level 5. HP: 23/50 MP: 5/5
  1262 | D:4      | Reached XP level 6. HP: 28/59 MP: 6/6
  1262 | D:4      | Reached XP level 7. HP: 31/66 MP: 7/7
  1385 | D:2      | 1385 ||| Stepping ~*~*~tactically~*~*~ (stealth).
  1856 | D:2      | 1856 ||| READING scroll labelled LUACAF JARATH.
  1857 | D:2      | 1857 ||| READING scroll labelled CAKHLEOXABB.
  1858 | D:2      | 1858 ||| READING 2 scrolls of identify.
  1858 | D:2      | 1858 ||| IDENTIFYING emerald potion
  1859 | D:2      | 1859 ||| DROPPING potion of berserk rage.
  1930 | D:3      | 1930 ||| Stepping ~*~*~tactically~*~*~ (stealth).
  2070 | D:3      | 2070 ||| Stepping ~*~*~tactically~*~*~ (stealth).
  2098 | D:3      | 2098 ||| Stepping ~*~*~tactically~*~*~ (outnumbered).
  2099 | D:3      | 2099 ||| Stepping ~*~*~tactically~*~*~ (outnumbered).
  2100 | D:3      | 2100 ||| Stepping ~*~*~tactically~*~*~ (outnumbered).
  2101 | D:3      | 2101 ||| Stepping ~*~*~tactically~*~*~ (outnumbered).
  2102 | D:3      | 2102 ||| Stepping ~*~*~tactically~*~*~ (outnumbered).
  2104 | D:3      | 2104 ||| Stepping ~*~*~tactically~*~*~ (outnumbered).
  2106 | D:3      | Reached skill level 3 in Fighting
  2141 | D:3      | 2141 ||| Stepping ~*~*~tactically~*~*~ (outnumbered).
  2142 | D:3      | 2142 ||| Stepping ~*~*~tactically~*~*~ (outnumbered).
  2143 | D:3      | 2143 ||| Stepping ~*~*~tactically~*~*~ (outnumbered).
  2144 | D:3      | 2144 ||| Stepping ~*~*~tactically~*~*~ (outnumbered).
  2146 | D:3      | 2146 ||| Stepping ~*~*~tactically~*~*~ (outnumbered).
  2147 | D:3      | 2147 ||| Stepping ~*~*~tactically~*~*~ (outnumbered).
  2148 | D:3      | 2148 ||| Stepping ~*~*~tactically~*~*~ (outnumbered).
  2149 | D:3      | 2149 ||| Stepping ~*~*~tactically~*~*~ (outnumbered).
  2150 | D:3      | 2150 ||| Stepping ~*~*~tactically~*~*~ (outnumbered).
  2151 | D:3      | 2151 ||| Stepping ~*~*~tactically~*~*~ (outnumbered).
  2152 | D:3      | 2152 ||| Stepping ~*~*~tactically~*~*~ (outnumbered).
  2153 | D:3      | 2153 ||| Stepping ~*~*~tactically~*~*~ (outnumbered).
  2155 | D:3      | 2155 ||| Stepping ~*~*~tactically~*~*~ (outnumbered).
  2157 | D:3      | 2157 ||| Stepping ~*~*~tactically~*~*~ (outnumbered).
  2169 | D:3      | 2169 ||| Stepping ~*~*~tactically~*~*~ (stealth).
  2171 | D:3      | 2171 ||| Stepping ~*~*~tactically~*~*~ (stealth).
  2202 | D:3      | 2202 ||| Stepping ~*~*~tactically~*~*~ (stealth).
  2336 | D:3      | Found a stormy altar of Qazlal.
  2341 | D:3      | Found a basalt altar of Yredelemnul.
  2502 | D:3      | 2502 ||| Stepping ~*~*~tactically~*~*~ (stealth).
  2637 | D:3      | 2637 ||| READING scroll labelled ONTYMY NEPRYGA.
  2669 | D:3      | 2669 ||| DRINKING 2 ruby potions.
  2670 | D:3      | 2670 ||| READING 3 scrolls of identify.
  2670 | D:3      | 2670 ||| IDENTIFYING smoky cyan potion
  2671 | D:3      | 2671 ||| READING 2 scrolls of identify.
  2671 | D:3      | 2671 ||| IDENTIFYING black potion
  2672 | D:3      | 2672 ||| DROPPING potion of degeneration.
  2699 | D:4      | 2699 ||| Stepping ~*~*~tactically~*~*~ (stealth).
  2706 | D:4      | 2706 ||| Stepping ~*~*~tactically~*~*~ (stealth).
  2710 | D:4      | 2710 ||| Stepping ~*~*~tactically~*~*~ (stealth).
  2856 | D:4      | 2856 ||| Stepping ~*~*~tactically~*~*~ (stealth).
  2857 | D:4      | 2857 ||| Stepping ~*~*~tactically~*~*~ (stealth).
  2866 | D:4      | Noticed Robin
  2873 | D:4      | Killed Robin
  3043 | D:4      | Noticed Sigmund
  3050 | D:4      | Killed Sigmund
  3051 | D:4      | Reached XP level 8. HP: 71/75 MP: 8/8
  3581 | D:4      | 3581 ||| READING scroll labelled PINOZ YXZETIKU.
  3582 | D:4      | 3582 ||| READING scroll labelled SITIATTERY.
  3583 | D:4      | 3583 ||| DRINKING 3 green potions.
  3584 | D:4      | 3584 ||| READING 2 scrolls of identify.
  3584 | D:4      | 3584 ||| IDENTIFYING smoky golden potion
  3585 | D:4      | 3585 ||| DROPPING potion of brilliance.
  3611 | D:5      | Entered Level 5 of the Dungeon
  3642 | D:5      | 3642 ||| Stepping ~*~*~tactically~*~*~ (hiding).
  3643 | D:5      | 3643 ||| Stepping ~*~*~tactically~*~*~ (hiding).
  3645 | D:5      | 3645 ||| Stepping ~*~*~tactically~*~*~ (hiding).
  3790 | D:5      | Reached skill level 3 in Throwing
  3796 | D:5      | 3796 ||| Stepping ~*~*~tactically~*~*~ (stealth).
  3797 | D:5      | 3797 ||| Stepping ~*~*~tactically~*~*~ (stealth).
  3812 | D:5      | Reached skill level 9 in Unarmed Combat
  3843 | D:5      | Reached skill level 1 in Dodging
  3850 | D:5      | Found a runed translucent gate.
  3851 | D:5      | Found a runed translucent gate.
  3867 | D:5      | Found a runed translucent gate.
  3884 | D:5      | Noticed qw's ghost (amateur TrCA)
  4107 | D:5      | Found a shimmering blue altar of Sif Muna.
  4112 | D:5      | 4112 ||| FLEEEEING.
  4122 | D:5      | 4122 ||| DRINKING 3 potions of curing.
  4122 | D:5      | 4122 ||| (to cure confusion)
  4261 | D:5      | 4261 ||| UPGRADING to ring of resist corrosion.
  4262 | D:5      | 4262 ||| READING scroll labelled LUOPTU LEFIUD.
  4263 | D:5      | 4263 ||| READING scroll labelled BIOCYD KOYMUOQ.
  4264 | D:5      | 4264 ||| Stepping randomly (stuck).
  4265 | D:5      | 4265 ||| Stepping ~*~*~tactically~*~*~ (cloud).
  4300 | D:6      | Found a large runed translucent door.
  4300 | D:6      | Found a large runed translucent door.
  4305 | D:6      | 4305 ||| STAIRDANCE
  4328 | D:6      | 4328 ||| STAIRDANCE
  4379 | D:6      | Reached skill level 10 in Unarmed Combat
  4413 | D:6      | 4413 ||| Stepping ~*~*~tactically~*~*~ (stealth).
  4418 | D:6      | 4418 ||| Stepping ~*~*~tactically~*~*~ (stealth).
  4756 | D:6      | Found a radiant altar of Vehumet.
  4762 | D:6      | 4762 ||| Stepping ~*~*~tactically~*~*~ (stealth).
  4773 | D:6      | 4773 ||| Stepping ~*~*~tactically~*~*~ (hiding).
  4775 | D:6      | 4775 ||| Stepping ~*~*~tactically~*~*~ (hiding).
  4778 | D:6      | 4778 ||| Stepping ~*~*~tactically~*~*~ (stealth).
  4946 | D:6      | Reached XP level 9. HP: 74/84 MP: 9/9
  5225 | D:6      | 5225 ||| READING scroll labelled USIRA AG QUIGIXT.
  5226 | D:6      | 5226 ||| READING 2 scrolls of identify.
  5226 | D:6      | 5226 ||| IDENTIFYING viscous black potion
  5249 | D:7      | 5249 ||| STAIRDANCE
  5293 | D:7      | 5293 ||| STAIRDANCE
  5325 | D:7      | 5325 ||| STAIRDANCE
  5331 | D:6      | Reached skill level 11 in Unarmed Combat
  5384 | D:7      | 5384 ||| STAIRDANCE
  5477 | D:7      | 5477 ||| Stepping ~*~*~tactically~*~*~ (stealth).
  5487 | D:7      | 5487 ||| INVOKING Fiery Armour.
  5489 | D:7      | HP: 21/84 [poisoned by a killer bee]
  5490 | D:7      | 5490 ||| DRINKING 2 potions of heal wounds.
  5497 | D:7      | 5497 ||| FLEEEEING.
  5575 | D:7      | 5575 ||| Stepping ~*~*~tactically~*~*~ (outnumbered).
  5576 | D:7      | 5576 ||| Stepping ~*~*~tactically~*~*~ (outnumbered).
  5578 | D:7      | 5578 ||| Stepping ~*~*~tactically~*~*~ (outnumbered).
  5628 | D:7      | 5628 ||| INVOKING Fiery Armour.
  5632 | D:7      | HP: 21/84 [poisoned by a water moccasin]
  5637 | D:7      | HP: 15/84 [poisoned by a water moccasin]
  5642 | D:7      | HP: 16/84 [poisoned by a water moccasin]
  5876 | D:7      | Found a broken altar of Ashenzari.
  5909 | D:7      | 5909 ||| Stepping ~*~*~tactically~*~*~ (hiding).
  5914 | D:7      | 5914 ||| FLEEEEING.
  5920 | D:7      | Reached skill level 12 in Unarmed Combat
  6238 | D:7      | 6238 ||| READING scroll labelled JUXKIJ NUOB.
  6239 | D:7      | 6239 ||| READING scroll labelled ORUAQY LULURGHE.
  6279 | D:8      | Identified the +0 ring mail "Goinop" {-Cast Regen+ SInv}
  6321 | D:8      | Found a glowing silver altar of Zin.
  6328 | D:8      | 6328 ||| Stepping ~*~*~tactically~*~*~ (stealth).
  6329 | D:8      | 6329 ||| Stepping ~*~*~tactically~*~*~ (stealth).
  6415 | D:8      | Found Souroddif's Assorted Antiques.
  6415 | D:8      | Noticed Joseph
  6416 | D:8      | 6416 ||| FLEEEEING.
  6417 | D:8      | 6417 ||| FLEEEEING.
  6429 | D:8      | Killed Joseph
  6464 | D:8      | 6464 ||| SHOPLISTING 2 scrolls of enchant armour (390 gold,
                  | have 317).
  6464 | D:8      | 6464 ||| BUYING cloak (117 gold).
  6464 | D:8      | Bought a cloak for 117 gold pieces
  6464 | D:8      | 6464 ||| BUYING diamond ring (130 gold).
  6464 | D:8      | Bought a diamond ring for 130 gold pieces
  6464 | D:8      | 6464 ||| BUYING scroll of identify (52 gold).
  6464 | D:8      | Bought a scroll of identify for 52 gold pieces
  6464 | D:8      | 6464 ||| SHOPLISTING scroll of identify (52 gold, have 18).
  6464 | D:8      | 6464 ||| SHOPLISTING shiny swamp dragon scales (1378 gold,
                  | have 18).
  6571 | D:8      | 6571 ||| Stepping ~*~*~tactically~*~*~ (hiding).
  6605 | D:8      | Noticed Gastronok
  6617 | D:8      | Killed Gastronok
  6618 | D:8      | Reached skill level 6 in Throwing
  6618 | D:8      | Reached XP level 10. HP: 61/98 MP: 10/10
  6674 | D:8      | Noticed Grum
  6675 | D:8      | 6675 ||| INVOKING Fiery Armour.
  6684 | D:8      | 6684 ||| Stepping ~*~*~tactically~*~*~ (outnumbered).
  6700 | D:8      | Killed Grum
  6701 | D:8      | HP: 23/98 [steam dragon (4)]
  6702 | D:8      | 6702 ||| DRINKING potion of heal wounds.
  6784 | D:8      | Noticed Psyche
  6785 | D:8      | 6785 ||| Stepping ~*~*~tactically~*~*~ (hiding).
  6802 | D:8      | Killed Psyche
  6888 | D:8      | 6888 ||| FLEEEEING.
  6893 | D:8      | 6893 ||| FLEEEEING.
  7160 | D:8      | Found a hazy altar of Hepliaklqana.
  7210 | D:8      | Noticed a death yak
  7211 | D:8      | 7211 ||| Stepping ~*~*~tactically~*~*~ (hiding).
  7213 | D:8      | 7213 ||| INVOKING Fiery Armour.
  7218 | D:8      | Killed a death yak
  7219 | D:8      | Reached skill level 13 in Unarmed Combat
  7226 | D:8      | Noticed a death yak
  7227 | D:8      | 7227 ||| FLEEEEING.
  7228 | D:8      | Noticed a death yak
  7229 | D:8      | 7229 ||| Stepping ~*~*~tactically~*~*~ (stealth).
  7240 | D:8      | Killed a death yak
  7249 | D:8      | Killed a death yak
  7250 | D:8      | Reached skill level 14 in Unarmed Combat
  7255 | D:8      | 7255 ||| Stepping ~*~*~tactically~*~*~ (outnumbered).
  7259 | D:8      | 7259 ||| Stepping ~*~*~tactically~*~*~ (outnumbered).
  7263 | D:8      | HP: 15/98 [orc priest/divine providence (11)]
  7264 | D:8      | Reached XP level 11. HP: 11/105 MP: 11/11
  7264 | D:8      | Killed from afar by an orc priest

Levels and vault maps discovered:
D:1:      psy_arrival_spokes, layout_loops_ring, serial_shops,
          nicolae_shop_hallway_stairs, chequers_ecumenical_altar_grove
D:2:      layout_loops_ring
D:3:      layout_loops_ring, minitemple
D:4:      cheibrodos_old_hovel, layout_basic, minmay_temple_entry_offerings,
          uniq_robin, uniq_sigmund, uniq_pikel
D:5:      layout_cave_pools, tgw_sif, gammafunk_ghost_icy, minmay_circle_x
D:6:      layout_gridville, general_overflow_altar, jmf_multi_god_temple2
D:7:      layout_basic, kennysheep_mini
D:8:      layout_basic, nicolae_overflow_hidden_temple,
          nicolae_hepliaklqana_monster_ancestors, dpeg_lair_monsters,
          serial_shops, shop_fountains, uniq_grum, uniq_gastronok, uniq_joseph,
          uniq_psyche

Skill      XL: |  1  2  3  4  5  6  7  8  9 10 |
---------------+-------------------------------+-----
Unarmed Combat | 4 5 8 10 12 14 | 14.2
Fighting       | 3 4 5 |  5.9
Throwing       | 2 3 6 |  6.1
Dodging        | 1 |  1.1
Spellcasting   | |  1.0
Fire Magic     | |  2.1

Action                   |  1- 3 |  4- 6 |  7- 9 | 10-12 || total
-------------------------+-------+-------+-------+-------++-------
Melee: Unarmed           |    74 |    37 |   314 |    99 ||   524
       Punch             |       |     1 |    11 |     5 ||    17
Throw: Boomerang         |       |       |    19 |       ||    19
       Large rock        |       |       |    48 |     5 ||    53
Invok: Fiery Armour      |       |     1 |     2 |     2 ||     5
  Use: Scroll            |     5 |       |    15 |       ||    20
       Potion            |     1 |       |     4 |     1 ||     6
Armor: Robe              |    15 |     6 |    63 |    27 ||   111
       Skin              |       |       |       |     5 ||     5
Dodge: Dodged            |    23 |    11 |   110 |    36 ||   180

Table legend:
 A = Non-vault XP
 B = Vault XP
 C = Vault XP percentage of total XP
 D = Non-vault monster count
 E = Vault monster count
 F = Vault count percentage of total count
                 A         B        C        D         E       F
            +---------+---------+-------+---------+---------+-------
      Total |    4485 |    6567 |  59.4 |     164 |      32 |  16.3
            +---------+---------+-------+---------+---------+-------
        D:1 |      43 |       0 |   0.0 |      25 |       0 |   0.0
        D:2 |      32 |       0 |   0.0 |      12 |       0 |   0.0
        D:3 |     237 |       0 |   0.0 |      27 |       0 |   0.0
        D:4 |     111 |    1019 |  90.2 |      22 |      11 |  33.3
        D:5 |     369 |     168 |  31.3 |       8 |       5 |  38.5
        D:6 |    1146 |       0 |   0.0 |      24 |       0 |   0.0
        D:7 |    1277 |       0 |   0.0 |      22 |       0 |   0.0
        D:8 |    1270 |    5380 |  80.9 |      24 |      16 |  40.0
            +---------+---------+-------+---------+---------+-------
